 Dungeon Crawl Stone Soup version 0.30-a0-622-gddc90eaa04 (webtiles) character file.

Game seed: 5480496560190019226

453 Lobster4 the Shooter (level 6, 0/55 HPs)
             Began as a Minotaur Hunter on Jan 10, 2023.
             Slain by a black bear (2 damage)
             ... on level 5 of the Dungeon.
             The game lasted 00:10:16 (3839 turns).

Lobster4 the Shooter (Minotaur Hunter)              Turns: 3839, Time: 00:10:16

Health: 0/55       AC:  2    Str: 16    XL:     6   Next: 75%
Magic:  5/5        EV: 13    Int:  6    God:
Gold:   115        SH:  0    Dex: 21    Spells: 5/5 levels left

rFire   . . .      SeeInvis .    a - +0 shortbow
rCold   . . .      Faith    .    (shield currently unavailable)
rNeg    . . .      Spirit   .    s - +0 robe "Limorgh" {Will+}
rPois   .          Reflect  .    (helmet restricted)
rElec   .          Harm     .    (no cloak)
rCorr   .          Rampage  .    (no gloves)
Will    +....                    (no boots)
Stlth   ++                       (no amulet)
HPRegen 0.29/turn                t - +6 ring of dexterity
MPRegen 0.09/turn                r - ring of flight

@: flying
A: horns 2, retaliatory headbutt
a: no special abilities


You were on level 5 of the Dungeon.
You visited 1 branch of the dungeon, and saw 5 of its levels.

You collected 214 gold pieces.
You spent 99 gold pieces at shops.

Inventory:

Hand Weapons
 a - a +0 shortbow (weapon)
 b - a +0 flail
 l - a +0 sling
 z - a +0 heavy hand crossbow
 G - a +0 war axe
Missiles
 g - 37 stones
 i - 11 poisoned darts
 y - 8 javelins
Armour
 c - a +0 leather armour
 j - a +0 scale mail
 o - a +0 ring mail
 s - the +0 robe "Limorgh" (worn) {Will+}
   (You found it on level 2 of the Dungeon)

   Will:      It increases your willpower.
 B - a +3 chain mail
Jewellery
 r - a ring of flight (right hand)
 t - a +6 ring of dexterity (left hand)
 E - a ring of protection from cold
Scrolls
 d - 2 scrolls of immolation
 e - a scroll of magic mapping {unknown}
 n - 2 scrolls of teleportation {unknown}
 p - 2 scrolls of fog
 q - 2 scrolls of poison {unknown}
 w - 2 scrolls of noise {unknown}
 x - a scroll of acquirement {unknown}
 C - a scroll of enchant weapon {unknown}
Potions
 f - 3 potions of degeneration {unknown}
 h - 3 potions of curing {unknown}
 m - a potion of might
 u - a potion of resistance
 v - a potion of lignification
 A - 2 potions of heal wounds
 F - 2 potions of brilliance


   Skills:
 + Level 4.8 Fighting
 - Level 1.0 Maces & Flails
 * Level 6.1 Ranged Weapons
 + Level 3.9 Armour
 - Level 3.0 Dodging
 - Level 1.0 Stealth
 + Level 2.1 Shields


You had 5 spell levels left.
You didn't know any spells.
Your spell library contained the following spells:

 Spells                   Type           Power      Damage    Failure   Level
 Beastly Appendage        Tmut           0%         N/A       45%         1
 Wereblood                Tmut           0%         N/A       58%         2
 Spider Form              Tmut/Pois      0%         N/A       83%         3


Dungeon Overview and Level Annotations

Branches:
Dungeon (5/15)
 Temple: D:4-7

Altars:
Cheibriados
Xom
Yredelemnul

Shops:
D:3 (


Innate Abilities, Weirdness & Mutations

You have a pair of horns on your head.
You reflexively headbutt those who attack you in melee.


Message History

The black bear is severely wounded.
The black bear bites you but does no damage.
The black bear barely misses you. The black bear claws you.
The orc barely misses you.
You shoot an arrow.
The arrow closely misses the black bear.
The arrow hits the orc.
The orc is heavily wounded.
The orc barely misses you. The black bear bites you.
The black bear barely misses you.
The black bear claws you but does no damage.
You shoot an arrow.
The arrow hits the black bear but does no damage.
The black bear is severely wounded.
The orc hits you from afar with a +0 trident.
The black bear bites you. The black bear claws you. x2
You are too injured to fight recklessly!
You are too injured to fight recklessly!
You are too injured to fight recklessly!
You are too injured to fight recklessly!
You shoot an arrow. The arrow hits the black bear.
The black bear is severely wounded.
The black bear completely misses you. The black bear misses you.
The black bear claws you.
The orc hits you from afar with a +0 trident.
The black bear bites you.
* * * LOW HITPOINT WARNING * * *
The black bear claws you.
* * * LOW HITPOINT WARNING * * *
The black bear claws you.
* * * LOW HITPOINT WARNING * * *
The orc closely misses you.
You shoot an arrow.
The arrow closely misses the black bear.
The arrow hits the orc!
You kill the orc!
The black bear bites you.
* * * LOW HITPOINT WARNING * * *
The black bear closely misses you. The black bear claws you.
You die...

#.#........... #.....
#......######## .....
...............# .).o
##############.# ... #.#
.. #.# . ##. #.#
....#.)#################.#
.........oh@.............#
....>.####################
..###


You could see a black bear and an orc.

Vanquished Creatures
  An ogre (D:4)
  4 crimson imps (D:3)
  A hound (D:4)
  An orc wizard (D:2)
  A mummy (D:4)
  5 adders
  A worm (D:2)
  A dart slug (D:3)
  13 orcs
  8 ball pythons
  6 endoplasms
  5 giant cockroaches
  8 goblins
  7 hobgoblins
  5 jackals
  10 kobolds
  5 quokkas
  A ball python zombie (D:3)
  7 bats
  4 frilled lizards
  A jackal zombie (D:3)
  9 rats
104 creatures vanquished.

Notes
Turn   | Place    | Note
-------+----------+-------------------------------------------
     0 | D:1      | Lobster4 the Minotaur Hunter began the quest for the Orb.
     0 | D:1      | Reached XP level 1. HP: 18/18 MP: 0/0
    52 | D:1      | Reached skill level 1 in Stealth
    73 | D:1      | Reached XP level 2. HP: 25/25 MP: 1/1
   182 | D:1      | Reached skill level 1 in Maces & Flails
   183 | D:1      | Reached skill level 1 in Armour
   317 | D:1      | Reached XP level 3. HP: 31/31 MP: 2/2
   584 | D:1      | You fall into a shaft and drop 1 floor!
   658 | D:2      | Reached skill level 5 in Ranged Weapons
   658 | D:2      | Reached XP level 4. HP: 19/38 MP: 3/3
   893 | D:2      | Found a faded altar of an unknown god.
  1103 | D:2      | Identified the +0 robe "Limorgh" {Will+}
  1838 | D:3      | Reached XP level 5. HP: 42/46 MP: 4/4
  2004 | D:3      | Found Wanap's Weapon Shoppe.
  2015 | D:3      | Bought a +0 heavy hand crossbow for 99 gold pieces
  2247 | D:3      | Found a shimmering altar of Xom.
  2260 | D:3      | Reached skill level 1 in Shields
  2270 | D:3      | Reached XP level 6. HP: 49/53 MP: 5/5
  2485 | D:3      | Found a basalt altar of Yredelemnul.
  3577 | D:4      | Found a snail-covered altar of Cheibriados.
  3738 | D:4      | Reached skill level 6 in Ranged Weapons
  3757 | D:5      | Entered Level 5 of the Dungeon
  3839 | D:5      | HP: 2/55 [black bear (6)]
  3839 | D:5      | Slain by a black bear

Illustrated notes

Levels and vault maps discovered:
D:1:      minmay_arrival_jagged, layout_basic
D:2:      layout_loops_corners, shapermc_ecumenical_altar_acropolis,
          minmay_misc_feat_secret_circle, minmay_quadrilaterals
D:3:      wander_river, layout_basic, lemuel_zombie_altar_yredelemnul,
          led_xom_imps, serial_shops, shop
D:4:      layout_gridville, chei_slow_surprise
D:5:      minmay_octagon_keep, layout_basic, chequers_garden,
          minmay_manual_monstrance

Skill      XL: |  1  2  3  4  5  6 |
---------------+-------------------+-----
Stealth        | 1 |  1.0
Maces & Flails | 1 |  1.0
Armour         | 1 2 3 |  3.9
Fighting       | 3 4 |  4.8
Ranged Weapons | 5 6 |  6.1
Shields        | 1 2 |  2.1
Dodging        | 3 |  3.0

Action                   |  1- 3 |  4- 6 || total
-------------------------+-------+-------++-------
Melee: Shortbow          |     2 |       ||     2
       Flail             |       |     8 ||     8
       Headbutt          |       |     1 ||     1
 Fire: Shortbow          |    83 |   179 ||   262
  Use: Scroll            |       |     8 ||     8
Armor: Leather armour    |     9 |       ||     9
       Ring mail         |     5 |    17 ||    22
       Robe              |       |    11 ||    11
Dodge: Dodged            |    23 |    67 ||    90

Table legend: (Time is in decaauts)
 A = Elapsed time spent in this place.
 B = Non-inter-level travel time spent in this place.
 C = Inter-level travel time spent in this place.
 D = Time resting spent in this place.
 E = Time spent auto-exploring this place.
 F = Levels seen in this place.
 G = Mean time per level.
                   A        B        C        D        E       F      G
               +--------+--------+--------+--------+--------+-----+--------+
         Total |   3930 |   3699 |    231 |     99 |   2933 |   5 |  786.0 |
       Dungeon |   3930 |   3699 |    231 |     99 |   2933 |   5 |  786.0 |
               +--------+--------+--------+--------+--------+-----+--------+

Top non-repeatable levels by time:
     D:3: 1294 daAuts
     D:2: 1087 daAuts
     D:4: 739 daAuts
     D:1: 725 daAuts
     D:5: 84 daAuts
